cohdb
Replays
Latest Replays
All Replays
Popular Replays
Top Player Replays
Match Explorer
How It Works
Community
CoH3 Stats
Reddit
Sign in to upload your games and track your stats! →
Sign in with Steam
Match 46624951
Unlisted
Match 46624951
Overview
Messages
Build Orders
End
Construct Section Command Post
Infantry Section
Infantry Section
Vickers Machine Gun Team
Construct Platoon Command Post
Grenade Package
Humber Armored Car
Royal Engineer Section
6-pounder Anti-tank Gun Team
6-pounder Anti-tank Gun Team
Construct Company Command Post
Selects Australian Defense Battlegroup
Selects CMP 15cwt Supply Run
Selects Reinforced Resource Caches
Selects Archer Tank Destroyer
Archer Tank Destroyer
Infantry Section
Selects Australian Light Infantry Section
Selects Defensive Tactics
Vickers Machine Gun Team
crywo1f
Sahif
Fav
RauschebartRonni
0
0
Comments
sign in to comment!
No comments posted yet!